 Dungeon Crawl Stone Soup version 0.27-b1-42-g19c61b19a5 (webtiles) character file.

Game seed: 2425620662428537692

268 seveneves the Covered (level 6, -4/53 HPs)
             Began as a Minotaur Fighter on July 29, 2021.
             Was an Initiate of Makhleb.
             Slain by a worm (9 damage)
             ... on level 4 of the Dungeon.
             The game lasted 00:08:57 (2287 turns).

seveneves the Covered (Minotaur Fighter)            Turns: 2287, Time: 00:08:58

Health: -4/53      AC:  7    Str: 22      XL:     6   Next: 0%
Magic:  5/5        EV:  8    Int:  4 (5)  God:    Makhleb [......]
Gold:   145        SH: 11    Dex: 10      Spells: 5/5 levels left

rFire    . . .     SeeInvis .   a - +0 long sword
rCold    . . .     Faith    .   c - +1 kite shield
rNeg     . . .     Spirit   .   b - +0 scale mail
rPois    .         Reflect  .   (helmet restricted)
rElec    .         Harm     .   (no cloak)
rCorr    .         Rampage  .   (no gloves)
Will     .....                  (no boots)
Stlth    ..........             (no amulet)
HPRegen  0.17/turn              (no ring)
MPRegen  0.09/turn              (no ring)

@: mighty
A: horns 2, retaliatory headbutt
a: Renounce Religion


You were on level 4 of the Dungeon.
You worshipped Makhleb.
Makhleb was noncommittal.
You visited 1 branch of the dungeon, and saw 4 of its levels.

You collected 145 gold pieces.

Inventory:

Hand Weapons
 a - a +0 long sword (weapon)
Armour
 b - a +0 scale mail (worn)
 c - a +1 kite shield (worn)
Scrolls
 e - a scroll of holy word
 f - 2 scrolls of fog {unknown}
 g - 2 scrolls of teleportation {unknown}
 i - 4 scrolls of identify
 j - a scroll of torment {unknown}
 m - 2 scrolls of noise {unknown}
 p - a scroll of blinking {unknown}
Potions
 d - a potion of might
 h - a potion of degeneration


   Skills:
 + Level 4.5 Fighting
 + Level 4.0 Long Blades
 + Level 5.2 Armour
 + Level 1.6 Dodging
 + Level 0.1 Stealth
 + Level 5.2 Shields


You had 5 spell levels left.
You didn't know any spells.
Your spell library contained the following spells:

 Spells                   Type           Power      Damage    Failure   Level
 Dispersal                Tloc           0%         N/A       100%        6
 Disjunction              Tloc           0%         N/A       100%        8


Dungeon Overview and Level Annotations

Branches:
Dungeon (4/15)             Temple (0/1) D:4

Altars:
Ashenzari
Elyvilon
Makhleb
Vehumet


Innate Abilities, Weirdness & Mutations

You have a pair of horns on your head.
You reflexively headbutt those who attack you in melee.


Message History

You are poisoned.
The adder poisons you!
You barely miss the adder. Your headbutt misses the adder.
The adder is moderately wounded.
You feel sick. The kobold hits you with a +0 whip.
The adder closely misses you. The kobold hits you but does no damage.
The adder bites you but does no damage.
Your shield and scale mail prevent you from hitting the adder.
You headbutt the adder!
You kill the adder!
Makhleb accepts your kill.
You feel sick. You block the kobold's attack.
You block the orc warrior's attack.
You have reached level 6!
Your experience leads to an increase in your attributes!
Your base attributes are Str 21, Int 5, Dex 10.
Increase (S)trength, (I)ntelligence, or (D)exterity?
You feel stronger.
You hit the orc warrior.
The orc warrior is lightly wounded.
You feel sick.
You are no longer poisoned.
The kobold barely misses you. You block the kobold's attack.
You hit the orc warrior. Your headbutt misses the orc warrior.
The orc warrior is moderately wounded.
The orc warrior hits you with a +0 short sword!
You block the kobold's attack. You block the worm's attack.
The orc warrior hits you with a +0 short sword!
* * * LOW HITPOINT WARNING * * *
The kobold unwields a +0 whip.
The kobold wields a +0 hand crossbow.
The kobold shoots a bolt.
The bolt hits you.
* * * LOW HITPOINT WARNING * * *
You block the orc warrior's attack.
You feel very mighty all of a sudden.
The orc warrior hits you with a +0 short sword.
* * * LOW HITPOINT WARNING * * *
You closely miss the orc warrior. You headbutt the orc warrior!
The orc warrior is heavily wounded.
You block the orc warrior's attack. The worm bites you!
You die... #.# # .. #. # #.# .# #. #.## #.# .. .. ..# #.##. #.# #.# ##.ZZ #.## #.# #Joo

##..####.. #####gK#
##.....##.. #....ow#
#.......... #.####@#
##......##..
#.#####.......##..
#####...##........##..
..........).##.....####
######....####.....#
#....# #.....# #....#
####### ######


You could see an orc warrior, a worm, a jelly, 2 orcs, a hobgoblin, a kobold and
an adder skeleton.

Vanquished Creatures
  An ogre (D:4)
  A hound (D:3)
  Jessica (D:2)
  A hound skeleton (D:4)
  5 adders
  An ufetubus (D:4)
  6 orcs
  7 ball pythons
  6 bats
  An endoplasm (D:3)
  2 giant cockroaches
  9 goblins
  7 hobgoblins
  4 jackals (D:1)
  3 quokkas
  2 frilled lizards (D:3)
  A kobold (D:3)
  3 rats
61 creatures vanquished.

Notes
Turn   | Place    | Note
-------+----------+-------------------------------------------
     0 | D:1      | seveneves the Minotaur Fighter began the quest for the Orb.
     0 | D:1      | Reached XP level 1. HP: 19/19 MP: 0/0
   203 | D:1      | Reached XP level 2. HP: 27/27 MP: 1/1
   927 | D:2      | Reached XP level 3. HP: 28/33 MP: 2/2
  1339 | D:2      | Noticed Jessica
  1342 | D:2      | Killed Jessica
  1343 | D:2      | Reached XP level 4. HP: 40/40 MP: 3/3
  1588 | D:3      | Found a broken altar of Ashenzari.
  1700 | D:3      | Found a burning altar of Makhleb.
  1700 | D:3      | Noticed a blizzard demon
  1704 | D:3      | Noticed a smoke demon
  1704 | D:3      | Noticed an orange demon
  1706 | D:3      | Became a worshipper of Makhleb the Destroyer
  1776 | D:3      | Found a radiant altar of Vehumet.
  1794 | D:3      | Found a white marble altar of Elyvilon.
  1833 | D:3      | Found a faded altar of an unknown god.
  1838 | D:3      | Reached skill level 1 in Dodging
  1838 | D:3      | Reached XP level 5. HP: 46/46 MP: 4/4
  2182 | D:4      | Found a staircase to the Ecumenical Temple.
  2269 | D:4      | Reached skill level 5 in Armour
  2273 | D:4      | Noticed an ogre
  2275 | D:4      | Noticed an orc warrior
  2279 | D:4      | Killed an ogre
  2280 | D:4      | Reached skill level 5 in Shields
  2283 | D:4      | Reached XP level 6. HP: 35/53 MP: 5/5
  2287 | D:4      | Slain by a worm

Illustrated notes

Levels and vault maps discovered:
D:1:      saegor_arrival_simple_b, layout_loops_cross
D:2:      layout_basic, mrwooster_statue_mirror, uniq_jessica
D:3:      layout_basic, elyvilon_altar_1, makhleb_altar_promises_db,
          fiery_altar_vehumet, mainiacjoe_overflow_tiny_flanked,
          shapermc_ecumenical_altar_starsandcircs, columned_hall_lemuel
D:4:      layout_basic, minmay_temple_entry_glass, minmay_ruined_shrine

Skill      XL: |  1  2  3  4  5 |
---------------+----------------+-----
Armour         | 4 5 |  5.2
Fighting       | 4 |  4.5
Shields        | 4 5 |  5.2
Long Blades    | 3 4 |  4.0
Dodging        | 1 |  1.6
Stealth        | |  0.1

Action                   |  1- 3 |  4- 6 || total
-------------------------+-------+-------++-------
Melee: Long sword        |    65 |    83 ||   148
       Headbutt          |    11 |    18 ||    29
  Use: Scroll            |       |     5 ||     5
       Potion            |       |     5 ||     5
Armor: Scale mail        |    27 |    41 ||    68
Dodge: Dodged            |    23 |    21 ||    44
Block: Kite shield       |    39 |    58 ||    97
       Rpst.: Long sword |     8 |     3 ||    11
